 Dungeon Crawl Stone Soup version 0.21.1-1-g345015f (webtiles) character file.

256982 Ganima the Shatterer (level 19, -1/172 HPs)
             Began as a Minotaur Skald on Mar 21, 2018.
             Was the Champion of Makhleb.
             Slain by a yaktaur captain (4 damage)
             ... summoned by a glowing orange brain
             ... on level 2 of the Vaults.
             The game lasted 02:27:58 (42316 turns).

Ganima the Shatterer (Minotaur Skald)              Turns: 42316, Time: 02:27:58

Health: -1/172     AC: 27    Str: 23    XL:     19   Next: 8%
Magic:  27/27      EV: 11    Int: 10    God:    Makhleb [******]
Gold:   1979       SH: 16    Dex:  9    Spells: 20/24 levels left

rFire    . . .     SeeInvis +   a - +8 whip "Snakebite" {curare, rPois}
rCold    + . .     Gourm    .   d - +2 shield {reflect}
rNeg     . . .     Faith    .   B - +2 plate armour {MR+}
rPois    +         Spirit   .   (helmet restricted)
rElec    .         Reflect  +   k - +2 cloak {+Inv}
rCorr    .         Harm     .   g - +0 pair of gloves
MR       +++++                  c - +1 pair of boots {run}
Stlth    ..........             v - amulet of regeneration {@e1+regen, !d}
HPRegen  0.78/turn              o - ring of protection from cold {rC+, !d}
MPRegen  0.20/turn              P - ring "Dathaa" {+Inv MR+++ Dex-2 SInv}

@: very slightly contaminated, quick
A: retaliatory headbutt, horns 2
}: 2/15 runes: serpentine, barnacled
a: Minor Destruction, Lesser Servant of Makhleb, Major Destruction, Greater
Servant of Makhleb, Renounce Religion, Evoke Invisibility


You were on level 2 of the Vaults.
You worshipped Makhleb.
Makhleb was exalted by your worship.
You were hungry.

You visited 7 branches of the dungeon, and saw 34 of its levels.
You also visited: Ossuary.

You collected 3408 gold pieces.
You spent 1429 gold pieces at shops.

Inventory:

Hand Weapons
 a - the +8 whip "Snakebite" (weapon) {curare, rPois}
   (You found it on level 6 of the Lair of Beasts)

   It poisons the flesh of those it strikes.
   It protects you from poison.
 b - a +0 hand crossbow
   (You found it on level 6 of the Lair of Beasts)
 y - a +6 vampiric whip {!w}
   (You took it off an orc on level 3 of the Dungeon)
Missiles
 e - 550 bolts
 N - 6 tomahawks of dispersal {=f}
Armour
 c - a +1 pair of boots of running (worn)
   (You bought it in a shop on level 13 of the Dungeon)
 d - a +2 shield of reflection (worn)
   (You took it off Donald on level 1 of the Snake Pit)
 g - a +0 pair of gloves (worn)
   (You found it on level 9 of the Dungeon)
 k - a +2 cloak of invisibility (worn)
   (You took it off Crazy Yiuf on level 6 of the Dungeon)
 B - a +2 plate armour of magic resistance (worn)
   (You bought it in a shop on level 2 of the Orcish Mines)
Jewellery
 o - a ring of protection from cold (left hand) {rC+, !d}
   (You found it on level 1 of the Snake Pit)
 s - an uncursed ring of resist corrosion
   (You found it on level 3 of the Dungeon)
 t - the ring of Ytykk {rPois rN+ Str+3 Int-5}
   (You found it on level 5 of the Dungeon)

   [ring of positive energy]

   It affects your strength (+3).
   It affects your intelligence (-5).
   It protects you from poison.
   It protects you from negative energy.
 v - an amulet of regeneration (around neck) {@e1+regen, !d}
   (You found it on level 10 of the Dungeon)
 z - an uncursed amulet of the gourmand {Gourm, !d}
   (You found it on level 8 of the Dungeon)
 P - the ring "Dathaa" (right hand) {+Inv MR+++ Dex-2 SInv}
   (You took it off a merfolk on level 4 of the Shoals)

   [ring of see invisible]

   It affects your dexterity (-2).
   It affects your resistance to hostile enchantments.
   It lets you see invisible.
   It lets you turn invisible.
Wands
 l - a wand of acid (36)
   (You found it on level 4 of the Dungeon)
 q - a wand of iceblast (28)
   (You found it on level 5 of the Lair of Beasts)
 D - a wand of disintegration (14) {@e1}
   (You found it on level 6 of the Dungeon)
 G - a wand of digging (41)
   (You found it on level 8 of the Dungeon)
 U - a wand of enslavement (19)
   (You found it on level 8 of the Dungeon)
Scrolls
 f - 6 scrolls of enchant armour
 j - 7 scrolls of enchant weapon
 m - 2 scrolls of holy word {unknown}
 r - 2 scrolls of summoning
 x - 3 scrolls of noise {unknown}
 E - 12 scrolls of fog
 F - 4 scrolls of fear
 I - a scroll of identify
 K - 3 scrolls of blinking {!r}
 L - 3 scrolls of silence
 M - 13 scrolls of magic mapping {!r}
 R - 9 scrolls of remove curse
 T - 14 scrolls of teleportation
Potions
 h - 11 potions of mutation {!q}
 i - 7 potions of cancellation
 n - 5 potions of flight
 p - 3 potions of resistance {unknown}
 u - 7 potions of lignification {!q}
 w - 5 potions of haste
 A - 7 potions of magic
 C - 10 potions of curing
 H - 2 potions of heal wounds
 O - a potion of agility
 Q - 3 potions of might
 S - 3 potions of invisibility
 V - 3 potions of berserk rage {unknown}
 Z - 3 potions of ambrosia {unknown}
Comestibles
 J - 4 chunks of flesh {@w0}
 Y - 50 rations {@e1}


   Skills:
 * Level 16.2 Fighting
 * Level 22.8 Maces & Flails
 * Level 16.1 Armour
 - Level 8.0 Dodging
 * Level 16.1 Shields
 + Level 3.1 Spellcasting
 - Level 2.0 Charms
 + Level 2.7 Translocations
 * Level 12.5 Invocations


You had 20 spell levels left.
You knew the following spells:

 Your Spells              Type           Power        Failure   Level  Hunger
a - Infusion              Chrm           #...         67%         1    #......
b - Blink                 Tloc           N/A          71%         2    ###....
v - Corona                Hex            #......      91%         1    #......


Dungeon Overview and Level Annotations

Branches:
Dungeon (15/15)            Temple (1/1) D:5            Lair (6/6) D:8
 Shoals (4/4) Lair:2        Snake (4/4) Lair:3        Slime (0/5) Lair:5
    Orc (2/2) D:9             Elf (0/3) Orc:2        Vaults (2/5) D:14
 Depths (0/5) D:15
  Crypt: Vaults:2-3

Altars:
Cheibriados
Elyvilon
Fedhas
Gozag
Makhleb
Ru
Sif Muna
Trog
Wu Jian
Xom
The Shining One
Beogh

Shops:
D:12 (   D:13 ![   Orc:2 *(:[

Portals:
Trove: D:14 (show abyssal rune of Zot)

Annotations:
Lair:5 exclusion: 4 oklob plants, jasper's ghost, journeyman DrBe
Shoals:1 exclusion: Roxanne, Roxanne


Innate Abilities, Weirdness & Mutations

You reflexively headbutt those who attack you in melee.
You have a pair of horns on your head.


Message History

You feel better!
The runic seal fades away!
You block the entropy weaver's attack!
The entropy weaver hits you! * * * don't die
* * * The entropy weaver hits you! * * * don't die
* * * The entropy weaver completely misses you!
You regained 19 hp, and now have 33/172 hp!
You feel sick!
The ogre mage gestures wildly while chanting!
The ogre mage blinks!!!
The entropy weaver closely misses you! You furiously retaliate!!!
You headbutt the entropy weaver!!!
The entropy weaver hits you but does no damage!
The entropy weaver hits you!!! * * * don't die
* * * The entropy weaver hits you!!! * * * don't die
* * *
There is an open door, spattered with blood here!
Things that are here:
an enchanted great mace; a chain mail You take 20 damage, and have 13/172 hp!
You feel much better!
The ogre mage mumbles some strange words!
The ogre mage blinks!!!
You block the entropy weaver's attack! x2
The entropy weaver hits you but does no damage!
The entropy weaver hits you! * * * don't die
* * * You regained 18 hp, and now have 31/172 hp!
Really read
K - 4 scrolls of blinking {!!.r}?
Blink to where?
You are very lightly contaminated with residual magic!
As you read the scroll of blinking {!!.r}, it crumbles to dust!
A two-headed ogre comes into view! It is wielding two giant clubs!
You feel sick!
The two-headed ogre shouts in stereo!!!
You hear two shouts!!!
The two-headed ogre hits you with a giant club!!! * * * don't die
* * * You block the two-headed ogre's attack!
You take 13 damage, and have 18/172 hp!
You are feeling hungry!
You feel sick! You block the two-headed ogre's attack!
The two-headed ogre hits you with a giant club! * * * don't die
* * * You take 2 damage, and have 17/172 hp!
An orc, an ogre and 2 two-headed ogres come into view!
The ogre shouts!!!
The orc shouts!!!
The two-headed ogre shouts in stereo!!!
You feel better! You block the two-headed ogre's attack!
The two-headed ogre closely misses you!
An orc comes into view! It is wielding a club!
You regained 8 hp, and now have 26/172 hp!
A two-headed ogre comes into view! It is wielding two giant clubs!
The two-headed ogre shouts in stereo!!!
The orc shouts!!!
You hear two shouts!!!
An orc priest comes into view! It is wielding a club!
There is an open door, spattered with blood here!
The orc priest shouts!!!
You hear a shout!!!
A two-headed ogre comes into view! It is wielding two giant clubs!
Things that are here:
a great mace; a plate armour; a fire dragon corpse The two-headed ogre shouts in stereo!!!
You hear two shouts!!!
A raiju comes into view!
The raiju barks!!!
You hear a hideous shriek!!!
A glowing orange brain comes into view!
A flying skull comes into view!
You are no longer corroded!
The flying skull gives a hideous shriek!!!
You block the raiju's attack!
The glowing orange brain pulsates!
There is an open door here!
Things that are here:
a ring mail; an enchanted great sword The raiju bites you but does no damage!
The orc priest casts a cantrip, but nothing happens!
The raiju bites you but does no damage! You block the raiju's attack!
The flying skull hits you but does no damage!
The raiju bursts into living lightning!!!
The living lightning hits you!!! * * * don't die
* * * The raiju blinks!!!
There is an open door, spattered with blood here!
You take 14 damage, and have 30/172 hp!
The yaktaur captain hits you but does no damage!
The flying skull hits you but does no damage!
You block the yaktaur captain's attack! The raiju closely misses you!
You block the fire dragon's attack! x2; The fire dragon barely misses you!
The yaktaur captain hits you! * * * don't die
* * * The raiju bursts into living lightning!!!
The living lightning hits you!!! * * * don't die
* * * The raiju blinks!!!
The flying skull hits you but does no damage!
There is a stone staircase leading up, spattered with blood here!
You take 13 damage, and have 19/172 hp!
You block the flying skull's attack! The fire dragon breathes flames at you!
The blast of flame hits you!!! * * * don't die
* * * The yaktaur captain hits you! rip

... #......#
#......# #......#
############......#
#.........['......#
#.......§..#......#
#......÷.z.#......#
#.......@cG'......#
#.......hDO#O.....#
#........[OO......#
###'########......#
... #......# ...
#......# ..
#O.....# #......#
#......#


You could see a fire dragon, a yaktaur captain, a glowing orange brain, 3
two-headed ogres, a raiju, an ogre and a flying skull.

Vanquished Creatures
  Sojobo (Vaults:1)
  2 krakens (Shoals:1)
  Agnes (Snake:1)
  2 tengu reavers
  Donald (Snake:1)
  Ilsuiw (Shoals:4)
  Aizul (Snake:1)
  5 nagarajas (Snake:4)
  An orc warlord (Orc:1)
  Louise (D:15)
  4 vault wardens
  2 ironheart preservers (Vaults:1)
  The ghost of Killswitch the Destroyer, a journeyman DDNe of Makhleb (Snake:2)
  A war gargoyle (Vaults:1)
  A stone giant (Vaults:1)
  8 merfolk javelineers
  The ghost of Sharkman1231 the Grappler, a journeyman DrTm of Okawaru (Orc:2)
  2 fire dragons (Vaults:2)
  9 merfolk impalers
  A yaktaur captain (Vaults:1)
  7 hydras
  A great orb of eyes (D:15)
  14 vault guards
  5 ogre magi
  14 naga warriors
  A rakshasa (Vaults:2)
  2 ice dragons (Vaults:1)
  5 anacondas
  A satyr (shapeshifter) (Vaults:1)
  2 alligator snapping turtles (Shoals:4)
  4 merfolk aquamancers
  4 merfolk avatars
  An anaconda (shapeshifter) (D:15)
  5 centaur warriors
  2 death knights
  14 two-headed ogres
  A satyr (Shoals:4)
  5 death yaks
  2 orc high priests
  12 shock serpents
  10 naga sharpshooters
  Nergalle (Orc:2)
  A skeletal warrior (D:11)
  8 sea snakes
  2 salamander mystics
  2 unseen horrors
  6 naga ritualists
  10 orc knights
  7 harpies
  A wolf spider (Vaults:1)
  2 oklob plants (Lair:1)
  6 mana vipers
  6 ironbrand convokers
  13 ugly things
  A wolf spider zombie (D:14)
  13 manticores
  2 orc sorcerers
  2 deep elf magi
  6 salamanders
  17 fauns
  4 cyclopes
  13 elephants
  3 water nymphs (Shoals:4)
  9 merfolk sirens
  5 guardian serpents
  6 vault sentinels
  23 black mambas
  2 centaur skeletons
  2 gargoyles (D:15)
  24 naga magi
  10 spiny frogs
  3 rime drakes (Lair:6)
  9 komodo dragons
  2 yaktaurs (Vaults:1)
  5 kobold demonologists (D:12)
  A tengu conjurer (D:14)
  A yaktaur (shapeshifter) (Vaults:1)
  3 meliai (D:14)
  A jumping spider (shapeshifter) (Vaults:1)
  10 trolls
  5 harpy zombies (Shoals:2)
  4 wind drakes
  3 saltlings (Vaults:1)
  5 hornets
  2 polar bears (Lair:6)
  A slime creature (Vaults:1)
  5 blink frogs (Lair:2)
  37 merfolk
  13 snapping turtles
  9 hippogriffs
  12 dream sheep (Lair:6)
  Sigmund (D:6)
  17 water elementals
  A human (shapeshifter) (Vaults:2)
  2 wraiths
  33 yaks
  12 wyverns
  2 steam dragons
  A hungry ghost (D:10)
  2 vampire mosquitoes (D:12)
  2 basilisks
  5 wargs
  Menkaure (D:4)
  57 nagas
  4 swamp worms (Lair:3)
  An acid dragon (D:13)
  12 water moccasins
  6 porcupines
  4 sky beasts
  An eye of draining (D:11)
  16 ice beasts
  47 orc warriors
  A phantom (D:3)
  10 centaurs
  10 ogres
  10 wolves
  An elf simulacrum (Vaults:1)
  13 crocodiles
  A hippogriff zombie (Shoals:2)
  8 big kobolds
  20 bullfrogs
  A water moccasin zombie (D:7)
  A wyvern skeleton (D:11)
  17 scorpions
  23 killer bees
  8 wights
  6 howler monkeys
  An electric eel (Lair:2)
  3 crimson imps
  6 centaur zombies
  2 jellies (D:11)
  A quasit (D:6)
  A bullfrog zombie (D:8)
  Crazy Yiuf (D:6)
  A gnoll shaman (D:7)
  26 orc priests
  8 hounds
  3 bullfrog skeletons
  9 worker ants
  Terence (D:2)
  2 iguanas
  23 orc wizards
  3 big kobold zombies (Ossuary)
  A hound zombie (D:6)
  4 mummies
  A worker ant zombie (D:10)
  Robin (D:2)
  11 gnolls (D:7)
  A howler monkey skeleton (D:6)
  2 scorpion zombies (Ossuary)
  6 adders
  2 shadow imps
  An ooze (D:2)
  3 adder skeletons
  An adder zombie (D:5)
  16 worms
  6 dart slugs
  7 leopard geckos
  107 orcs
  A ball python (D:2)
  6 bats
  5 giant cockroaches
  20 goblins
  7 hobgoblins
  18 jackals
  16 kobolds
  3 quokkas
  8 frilled lizards
  A gnoll zombie (Ossuary)
  A goblin zombie (Ossuary)
  2 hobgoblin zombies (Ossuary)
  5 kobold zombies
  5 orc zombies
  A quokka skeleton (D:5)
  A quokka zombie (D:8)
  7 rats
  2 plants
  11 tentacles (Shoals:1)
1234 creatures vanquished.

Vanquished Creatures (others)
  A nagaraja (Snake:4)
  3 satyrs
  A centaur warrior (Vaults:1)
  2 naga sharpshooters (Snake:4)
  A naga (Snake:4)
  2 centaurs (Vaults:1)
  An orc wizard (Vaults:1)
  3 fungi
  51 plants
  25 tentacles (Shoals:1)
90 creatures vanquished.

Grand Total: 1324 creatures vanquished

Notes
Turn   | Place    | Note
-------+----------+-------------------------------------------
     0 | D:1      | Ganima the Minotaur Skald began the quest for the Orb.
     0 | D:1      | Reached XP level 1. HP: 18/18 MP: 1/1
    23 | D:1      | Reached skill level 3 in Maces & Flails
   211 | D:1      | Reached XP level 2. HP: 25/25 MP: 3/3
   327 | D:1      | Reached skill level 4 in Maces & Flails
   846 | D:1      | Reached XP level 3. HP: 30/30 MP: 4/4
  1054 | D:2      | Reached skill level 5 in Maces & Flails
  1116 | D:2      | Noticed Robin
  1120 | D:2      | Killed Robin
  1120 | D:2      | Reached XP level 4. HP: 30/37 MP: 5/5
  1184 | D:2      | Noticed Terence
  1193 | D:2      | Killed Terence
  1476 | D:2      | Reached skill level 6 in Maces & Flails
  1714 | D:2      | Found a blossoming altar of Fedhas.
  1861 | D:3      | Noticed a phantom
  1896 | D:3      | Killed a phantom
  1896 | D:3      | Reached skill level 7 in Maces & Flails
  1896 | D:3      | Reached XP level 5. HP: 20/42 MP: 6/6
  2303 | D:3      | Reached XP level 6. HP: 38/50 MP: 7/7
  2465 | D:3      | Reached skill level 8 in Maces & Flails
  3017 | D:4      | Noticed Menkaure
  3036 | D:4      | Killed Menkaure
  3036 | D:4      | Reached skill level 9 in Maces & Flails
  3036 | D:4      | Reached XP level 7. HP: 39/56 MP: 8/8
  3197 | D:5      | Entered Level 5 of the Dungeon
  3243 | D:5      | Reached skill level 10 in Maces & Flails
  3391 | D:5      | Got a shimmering tin ring
  3694 | D:5      | Found a staircase to the Ecumenical Temple.
  3705 | Temple   | Entered the Ecumenical Temple
  3714 | Temple   | Became a worshipper of Makhleb the Destroyer
  3748 | D:5      | Found a deep blue altar of Sif Muna.
  4185 | D:6      | Reached skill level 11 in Maces & Flails
  4185 | D:6      | Reached XP level 8. HP: 47/62 MP: 9/9
  4343 | D:6      | Found a sand-covered staircase.
  4351 | Ossuary  | Entered an ossuary
  4526 | Ossuary  | Reached skill level 12 in Maces & Flails
  4737 | Ossuary  | Reached * piety under Makhleb
  4845 | Ossuary  | Reached skill level 13 in Maces & Flails
  5237 | D:6      | Found a glowing golden altar of the Shining One.
  5287 | D:6      | Found a runed door.
  5293 | D:6      | Noticed Crazy Yiuf
  5303 | D:6      | Killed Crazy Yiuf
  5303 | D:6      | Reached XP level 9. HP: 36/68 MP: 10/10
  5614 | D:6      | Noticed Sigmund
  5632 | D:6      | Killed Sigmund
  5836 | D:7      | Reached skill level 14 in Maces & Flails
  5860 | D:7      | Reached ** piety under Makhleb
  6403 | D:7      | Identified the ring of Ytykk {rPois rN+ Str+3 Int-5} (You found it on level 5 of the Dungeon)
  6419 | D:7      | Found an opulent altar of Gozag.
  6724 | D:7      | Reached skill level 15 in Maces & Flails
  7554 | D:8      | Reached skill level 16 in Maces & Flails
  7585 | D:8      | Reached XP level 10. HP: 74/74 MP: 11/11
  7589 | D:8      | Reached *** piety under Makhleb
  8261 | D:8      | Found a staircase to the Lair.
  8841 | D:9      | Reached skill level 17 in Maces & Flails
  9153 | D:9      | Noticed a two-headed ogre
  9166 | D:9      | Killed a two-headed ogre
  9166 | D:9      | Reached **** piety under Makhleb
  9166 | D:9      | Reached skill level 18 in Maces & Flails
  9307 | D:9      | Reached skill level 1 in Shields
  9841 | D:9      | Reached skill level 2 in Armour
  9843 | D:9      | Reached XP level 11. HP: 72/81 MP: 12/12
 10103 | Lair:1   | Entered Level 1 of the Lair of Beasts
 10108 | Lair:1   | Reached skill level 3 in Fighting
 10226 | Lair:1   | Noticed a six-headed hydra
 10238 | Lair:1   | Killed a six-headed hydra
 10238 | Lair:1   | Reached skill level 3 in Dodging
 10238 | Lair:1   | Reached skill level 2 in Shields
 10383 | Lair:1   | Reached skill level 3 in Armour
 10384 | Lair:1   | Noticed an oklob plant
 10392 | Lair:1   | Noticed an oklob plant
 10593 | Lair:1   | Killed an oklob plant
 10593 | Lair:1   | Reached skill level 4 in Fighting
 10593 | Lair:1   | Reached skill level 3 in Shields
 10774 | Lair:1   | Killed an oklob plant
 11148 | Lair:1   | Reached skill level 4 in Dodging
 11385 | Lair:1   | Found the +2 robe of Vines {NoPotionHeal Regen+7}
 11596 | Lair:2   | Reached skill level 4 in Armour
 11622 | Lair:2   | Reached skill level 4 in Shields
 11663 | Lair:2   | Reached skill level 5 in Fighting
 11749 | Lair:2   | Reached ***** piety under Makhleb
 11778 | Lair:2   | Reached skill level 5 in Dodging
 11819 | Lair:2   | Reached skill level 5 in Armour
 11848 | Lair:2   | Noticed a death yak
 11849 | Lair:2   | Noticed a death yak
 11850 | Lair:2   | Noticed a death yak
 11851 | Lair:2   | Noticed a death yak
 11851 | Lair:2   | Noticed a death yak
 11860 | Lair:2   | Found a labyrinth entrance.
 11886 | Lair:1   | Killed a death yak
 11945 | Lair:1   | Reached skill level 5 in Shields
 12156 | Lair:2   | Reached skill level 6 in Fighting
 12509 | Lair:2   | Got a dazzling war axe
 12708 | Lair:1   | Killed a death yak
 12708 | Lair:1   | Reached XP level 12. HP: 83/96 MP: 13/13
 12860 | Lair:2   | Found a staircase to the Shoals.
 13106 | Lair:2   | Reached skill level 6 in Armour
 13281 | Lair:1   | Killed a death yak
 13281 | Lair:1   | Reached skill level 6 in Dodging
 13468 | Lair:1   | Killed a death yak
 13468 | Lair:1   | Reached skill level 19 in Maces & Flails
 13468 | Lair:1   | Reached skill level 6 in Shields
 13544 | Lair:2   | Killed a death yak
 13884 | Lair:3   | Noticed a four-headed hydra
 13910 | Lair:3   | Killed a four-headed hydra
 13910 | Lair:3   | Reached skill level 7 in Fighting
 14178 | Lair:3   | Found a staircase to the Snake Pit.
 14242 | Lair:3   | Reached skill level 7 in Armour
 14574 | Lair:3   | Reached skill level 7 in Shields
 14588 | Lair:3   | Reached skill level 7 in Dodging
 14707 | Lair:3   | Reached skill level 8 in Fighting
 15338 | Lair:4   | Reached skill level 8 in Armour
 15416 | Lair:4   | Noticed an eight-headed hydra
 15434 | Lair:4   | Killed an eight-headed hydra
 15444 | Lair:4   | Reached XP level 13. HP: 108/108 MP: 14/14
 16206 | Lair:5   | Noticed jasper's ghost (journeyman DrBe)
 16553 | Lair:5   | Found a staircase to the Slime Pits.
 16565 | Lair:5   | Reached skill level 8 in Shields
 16811 | Lair:5   | Learned a level 2 spell: Blink
 17361 | Lair:5   | Reached skill level 1 in Invocations
 17607 | Lair:6   | Entered Level 6 of the Lair of Beasts
 17715 | Lair:6   | Reached skill level 8 in Dodging
 17850 | Lair:6   | Reached skill level 2 in Invocations
 17890 | Lair:6   | Reached skill level 9 in Fighting
 18081 | Lair:6   | Reached skill level 9 in Armour
 18214 | Lair:6   | Reached ****** piety under Makhleb
 18214 | Lair:6   | Reached skill level 3 in Invocations
 18278 | Lair:6   | Reached skill level 9 in Shields
 18369 | Lair:6   | Got a heavily runed ring mail
 18454 | Lair:6   | Found the +8 whip "Snakebite" {curare, rPois}
 18491 | Lair:6   | Got a glittering wooden ring
 18492 | Lair:6   | Identified the ring "Huvvaora" {Fire Str+4} (You found it on level 6 of the Lair of Beasts)
 19112 | D:9      | Found a staircase to the Orcish Mines.
 19254 | D:9      | Found a white marble altar of Elyvilon.
 19409 | Orc:1    | Entered Level 1 of the Orcish Mines
 19413 | Orc:1    | Reached skill level 4 in Invocations
 19799 | Orc:2    | Entered Level 2 of the Orcish Mines
 19811 | Orc:2    | Noticed Sharkman1231's ghost (journeyman DrTm)
 19918 | Orc:2    | HP: 28/113 [Sharkman1231's ghost (3)]
 19923 | Orc:2    | Killed Sharkman1231's ghost
 20052 | Orc:2    | Found a flickering gateway to a bazaar.
 20054 | Orc:2    | Found a staircase to the Elven Halls.
 20057 | Orc:2    | Found a roughly hewn altar of Beogh.
 20092 | Orc:2    | Reached skill level 10 in Fighting
 20203 | Orc:2    | Reached skill level 10 in Armour
 20240 | Orc:2    | Noticed an orc warlord
 20281 | Orc:2    | Reached XP level 14. HP: 121/121 MP: 16/16
 20419 | Orc:1    | HP: 22/121 [orc warlord/great sword of venom (12)]
 20420 | Orc:1    | Killed an orc warlord
 20420 | Orc:1    | Reached skill level 20 in Maces & Flails
 20771 | Orc:1    | Reached skill level 5 in Invocations
 20776 | Orc:1    | Reached skill level 10 in Shields
 20961 | Orc:2    | Noticed Nergalle
 21092 | Orc:2    | Found a roughly hewn altar of Beogh.
 21300 | Orc:2    | Killed Nergalle
 21362 | Orc:2    | Found Tamoe's Antique Armour Boutique.
 21532 | Orc:2    | Found Yxeemm's Antique Weapon Boutique.
 21537 | Orc:2    | Found Bailuthru's General Store.
 21542 | Orc:2    | Found Gyocam's Book Boutique.
 22739 | D:10     | Entered Level 10 of the Dungeon
 23058 | Orc:2    | Bought a shiny plate armour for 702 gold pieces
 23058 | Orc:2    | Bought a pair of glowing boots for 202 gold pieces
 23096 | Orc:2    | Bought a scroll of identify for 28 gold pieces
 23096 | Orc:2    | Bought a potion of haste for 140 gold pieces
 23096 | Orc:2    | Bought a scroll of teleportation for 42 gold pieces
 24210 | D:11     | Reached skill level 11 in Fighting
 24210 | D:11     | Reached skill level 6 in Invocations
 24543 | D:11     | Reached skill level 11 in Armour
 25168 | D:12     | Found Otisuiplas's Weapon Boutique.
 25282 | D:12     | Reached skill level 11 in Shields
 25935 | D:13     | Found Azizudih's Antique Armour Emporium.
 25938 | D:13     | Bought a pair of glowing boots for 187 gold pieces
 25948 | D:13     | Identified a +1 pair of boots of running (You bought it in a shop on level 13 of the Dungeon)
 26009 | D:13     | Found Vadoutel's Distillery.
 26018 | D:13     | Bought a potion of cancellation for 128 gold pieces
 26653 | D:14     | Reached skill level 7 in Invocations
 26681 | D:14     | Reached XP level 15. HP: 116/132 MP: 19/19
 26827 | D:14     | Got a brightly glowing garnet amulet
 26828 | D:14     | Identified the amulet "Vynuruev" {Gourm rPois MR- Str+9 Dex+2} (You found it on level 14 of the Dungeon)
 27018 | D:14     | Found a gate to the Vaults.
 27058 | D:14     | Found a portal to a secret trove of treasure.
 27071 | D:14     | Reached skill level 12 in Fighting
 27274 | D:15     | Entered Level 15 of the Dungeon
 27300 | D:15     | Noticed Louise
 27325 | D:15     | Killed Louise
 27325 | D:15     | Reached skill level 12 in Armour
 27735 | D:15     | Found a staircase to the Depths.
 27767 | D:15     | Reached skill level 12 in Shields
 28414 | Snake:1  | Entered Level 1 of the Snake Pit
 28435 | Snake:1  | Reached skill level 8 in Invocations
 28639 | Snake:1  | Noticed Agnes
 28645 | Snake:1  | Noticed Aizul
 28650 | Snake:1  | Killed Agnes
 28678 | Snake:1  | Killed Aizul
 28684 | Snake:1  | Reached skill level 21 in Maces & Flails
 28696 | Snake:1  | HP: 32/134 [poisoned by Aizul (bolt of poison)]
 28701 | Snake:1  | HP: 28/134 [poisoned by Aizul (bolt of poison)]
 28706 | Snake:1  | HP: 24/134 [poisoned by Aizul (bolt of poison)]
 28711 | Snake:1  | HP: 22/134 [poisoned by Aizul (bolt of poison)]
 28717 | Snake:1  | HP: 21/134 [poisoned by Aizul (bolt of poison)]
 28723 | Snake:1  | HP: 21/134 [poisoned by Aizul (bolt of poison)]
 28731 | Snake:1  | HP: 21/134 [poisoned by Aizul (bolt of poison)]
 29150 | Snake:1  | Noticed Donald
 29176 | Snake:1  | Killed Donald
 29873 | Snake:2  | Noticed Killswitch's ghost (journeyman DDNe)
 29909 | Snake:2  | Killed Killswitch's ghost
 30827 | Snake:2  | Reached skill level 13 in Fighting
 31160 | Snake:3  | Reached XP level 16. HP: 103/143 MP: 21/21
 31163 | Snake:3  | HP: 34/143 [naga/hand axe (12)]
 31168 | Snake:2  | HP: 25/143 [poisoned by a naga warrior (splash of poison)]
 31174 | Snake:2  | HP: 32/143 [poisoned by a naga warrior (splash of poison)]
 31566 | Snake:3  | HP: 35/143 [poisoned by a naga ritualist]
 31566 | Snake:3  | Reached skill level 13 in Armour
 31585 | Snake:2  | Reached skill level 9 in Invocations
 32137 | Snake:3  | Reached skill level 13 in Shields
 32304 | Snake:3  | Got a warped ruby amulet
 33024 | Snake:4  | Entered Level 4 of the Snake Pit
 33692 | Snake:4  | Reached skill level 10 in Invocations
 33709 | Snake:4  | Reached skill level 14 in Fighting
 34416 | Snake:4  | Reached skill level 14 in Armour
 34560 | Snake:4  | HP: 34/146 [nagaraja/spear (4)]
 34562 | Snake:4  | Reached skill level 14 in Shields
 34562 | Snake:4  | Reached XP level 17. HP: 61/152 MP: 23/23
 34966 | Snake:4  | Got a serpentine rune of Zot
 35389 | Shoals:1 | Entered Level 1 of the Shoals
 35615 | Shoals:1 | Noticed a kraken
 35643 | Shoals:1 | Killed a kraken
 35793 | Shoals:1 | Noticed Roxanne
 35899 | Shoals:1 | Got a crude long sword
 35920 | Shoals:1 | Reached skill level 22 in Maces & Flails
 36021 | Shoals:1 | HP: 37/154 [drowned by a water elemental (3)]
 36382 | Shoals:1 | Noticed a kraken
 36891 | Shoals:2 | Reached skill level 11 in Invocations
 37045 | Shoals:2 | Identified the amulet "Miplox" {Faith -Tele rElec rC+ MR++} (You found it on level 3 of the Snake Pit)
 37047 | Shoals:2 | Got a crude ring mail
 37804 | Shoals:3 | Reached skill level 15 in Fighting
 37995 | Shoals:3 | Reached skill level 15 in Armour
 38212 | Shoals:4 | Entered Level 4 of the Shoals
 38498 | Shoals:4 | Reached skill level 15 in Shields
 38960 | Shoals:4 | Reached XP level 18. HP: 138/163 MP: 25/25
 38964 | Shoals:4 | Got a flickering marble ring
 38966 | Shoals:4 | Identified the ring "Dathaa" {+Inv MR+++ Dex-2 SInv} (You took it off a merfolk on level 4 of the Shoals)
 39005 | Shoals:4 | Got a barnacled rune of Zot
 39375 | Shoals:4 | Reached skill level 1 in Translocations
 39510 | Shoals:4 | Noticed Ilsuiw
 39593 | Shoals:4 | Killed Ilsuiw
 39593 | Shoals:4 | Reached skill level 2 in Spellcasting
 40169 | Vaults:1 | Entered Level 1 of the Vaults
 40540 | Vaults:1 | Reached skill level 12 in Invocations
 40600 | Vaults:1 | Reached skill level 2 in Translocations
 40872 | Vaults:1 | Found a ruined gateway.
 41252 | Vaults:1 | Reached skill level 16 in Fighting
 41736 | Vaults:2 | Noticed Sojobo
 41752 | Vaults:2 | Reached skill level 16 in Armour
 41784 | Vaults:1 | Killed Sojobo
 42045 | Vaults:2 | Reached skill level 3 in Spellcasting
 42066 | Vaults:2 | Reached skill level 16 in Shields
 42156 | Vaults:2 | Reached XP level 19. HP: 152/172 MP: 27/27
 42165 | Vaults:2 | Learned a level 1 spell: Corona
 42271 | Vaults:2 | HP: 41/172 [entropy weaver (11)]
 42273 | Vaults:2 | HP: 4/172 [vault warden/enchanted great mace (25)]
 42278 | Vaults:2 | HP: 33/172 [poisoned by an ogre mage (bolt of poison)]
 42278 | Vaults:2 | HP: 13/172 [entropy weaver (11)]
 42283 | Vaults:2 | HP: 19/172 [poisoned by an ogre mage (bolt of poison)]
 42312 | Vaults:2 | HP: 30/172 [raiju (shapeshifter)/living lightning (14)]
 42316 | Vaults:2 | HP: 3/172 [fire dragon/blast of flame[a glowing orange brain] (17)]
 42316 | Vaults:2 | Slain by a yaktaur captain

Skill      XL: |  1  2  3  4  5  6  7  8  9 10 11 12 13 14 15 16 17 18 |
---------------+-------------------------------------------------------+-----
Maces & Flails | 3 4 5 7 9 11 13 16 18 19 20 21 22 | 22.8
Shields        | 1 5 7 9 11 12 14 15 16 | 16.1
Armour         | 2 5 8 10 11 12 14 15 16 | 16.1
Fighting       | 6 8 10 11 13 14 15 16 | 16.2
Dodging        | 5 7 8 |  8.0
Invocations    | 4 7 8 10 11 12 | 12.5
Translocations | 2 |  2.7
Spellcasting   | 3 |  3.1
Charms         | |  2.0

Action                   |  1- 3 |  4- 6 |  7- 9 | 10-12 | 13-15 | 16-18 | 19-21 || total
-------------------------+-------+-------+-------+-------+-------+-------+-------++-------
Melee: Mace              |    68 |       |       |       |       |       |       ||    68
       Headbutt          |    14 |    33 |    79 |   252 |   498 |   626 |    25 ||  1527
       Whip              |    23 |   227 |   478 |  1093 |  2185 |  2404 |    80 ||  6490
 Fire: Hunting sling     |       |     2 |       |       |       |       |       ||     2
Evoke: Wand              |       |       |     1 |     1 |       |     1 |       ||     3
  Use: Scroll            |       |     3 |    10 |     1 |    17 |     5 |     2 ||    38
       Potion            |       |       |       |       |       |     2 |     3 ||     5
  Eat: Chunk             |     1 |     4 |    10 |    18 |    58 |    30 |       ||   121
       Ration            |       |     2 |     1 |     2 |     3 |       |       ||     8
Armor: Leather armour    |    24 |       |       |       |       |       |       ||    24
       Chain mail        |       |    77 |   150 |   227 |   208 |       |       ||   662
       Plate armour      |       |       |       |       |   384 |   799 |    28 ||  1211
Dodge: Dodged            |    62 |    54 |    92 |   318 |   439 |   603 |    16 ||  1584
Block: Buckler           |       |    18 |    32 |   124 |     8 |       |       ||   182
       Large shield      |       |       |       |       |  1256 |       |       ||  1256
       Shield            |       |       |       |       |    98 |  1485 |    49 ||  1632
       Reflection        |       |       |       |       |    10 |   189 |       ||   199

Vault maps used:
D:1:      onia_arrival_pyramid
D:2:      nicolae_overflow_hidden_temple, uniq_terence, uniq_robin
D:3:      cheibrodos_old_hovel, first_ration, solitary_fountain
D:4:      uniq_menkaure
D:5:      led_sif_pool, minmay_temple_entry_trees
D:6:      basic_altar, nicolae_ossuary_entry_false_entrances,
          minmay_mini_ossuary, uniq_sigmund, uniq_crazy_yiuf_cottage
D:7:      kennysheep_mini, kennysheep_generic_room_15
D:8:      erik_lair_dragon
D:9:      marbit_many_paths, hiddenorc1_lemuel, hangedman_fish_farm
D:10:     grunt_ministairs_6, kennysheep_nondescript
D:11:     minmay_the_grid_octo_2x2, hangedman_decor_growths
D:12:     serial_shops, shop
D:13:     serial_shops, shop, kennysheep_mini_moat,
          nrook_guardian_serpent_double
D:14:     erik_vaults_2, enter_trove_5, minivault_26
D:15:     hangedman_depths_entry_try_elsewhere_first, minmay_strange_pillars,
          uniq_louise
Temple:   regret_index_temple_mists
Lair:1:   minmay_lair_oklob_chamber
Lair:2:   minmay_shoals_entry_hut, portal_ice_cave_entry_ice_beasts,
          lab_entry_generic, serial_bayou_shore_a, grunt_megastairs_1
Lair:3:   minmay_snake_entry_guardpost_large, st_stairs_12, worms_lemuel
Lair:5:   minmay_slime_entry_oklob_open, nicolae_lair_grove_arrangements,
          lemuel_fruit_tree, grunt_megastairs_4
Lair:6:   gammafunk_lair_ancient_temple
Shoals:1: uniq_roxanne
Shoals:2: nicolae_shoals_undead_eyrie
Shoals:3: nicolae_shoals_hunting_party
Shoals:4: shoals_end_grunt_garden, shoals_ilsuiw_ice
Snake:1:  serial_bayou_pond_c, grunt_ministairs_13, uniq_aizul, uniq_agnes,
          uniq_donald
Snake:3:  grunt_ministairs_1, nicolae_snake_shapes
Snake:4:  snake_pit
Orc:2:    grunt_orc_cross, basic_altar, serial_shops, bzr_entry_customers
Vaults:1: v_pattern_2, vaults_standard_mumra_lines, v_misc_18, st_octagons_2,
          portal_desolation_entry_nicolae_nacl
Vaults:2: minmay_crypt_entry_simple_round, v_misc_4, hangedman_vaults_corner,
          nicolae_vaults_circle_grid_a, v_alt_pattern_6,
          ontoclasm_vaults_claustrophobia, hangedman_vaults_unwind,
          nicolae_vaults_bisected_exclaves, st_eye, nicolae_vaults_alarming,
          vaults_room_grid, uniq_sojobo
Ossuary:  ossuary_minmay_scorpions

Table legend:
 A = Turns spent in this place as a percentage of turns spent in the entire game.
 B = Non-inter-level travel turns spent in this place as a percentage of non-inter-level travel turns spent in the entire game.
 C = Inter-level travel turns spent in this place as a percentage of turns spent in this place.
 D = Turns resting spent in this place as a percentage of non-inter-level travel turns spent in this place.
 E = Turns spent auto-exploring this place as a percentage of non-inter-level travel turns spent in this place.
 F = Non-inter-level travel turns spent in this place divided by the number of levels of this place that you've seen.
                   A       B       C       D       E      F
               +-------+-------+-------+-------+-------+----------------------
         Total | 100.0 | 100.0 |   8.7 |  23.6 |  44.7 | 1104.1
       Dungeon |  38.0 |  36.5 |  12.2 |  16.5 |  57.8 | 940.1
        Temple |   0.0 |   0.0 |   0.0 |   0.0 |   0.0 |  19.0
          Lair |  21.7 |  21.8 |   8.6 |  23.5 |  46.4 | 1401.2
        Shoals |  10.6 |  10.9 |   5.8 |  22.1 |  29.6 | 1052.2
     Snake Pit |  16.1 |  16.9 |   4.5 |  38.7 |  34.1 | 1629.0
  Orcish Mines |   7.0 |   6.8 |  11.0 |  34.0 |  27.9 | 1316.5
        Vaults |   5.1 |   5.5 |   1.3 |   9.2 |  44.4 | 1059.5
       Ossuary |   1.5 |   1.7 |   0.0 |  43.1 |  14.1 | 640.0
               +-------+-------+-------+-------+-------+----------------------

Table legend:
 A = Kills in this place as a percentage of kills in entire the game.
 B = Kills by you in this place as a percentage of kills by you in the entire game.
 C = Kills by friends in this place as a percentage of kills by friends in the entire game.
 D = Other kills in this place as a percentage of other kills in the entire game.
 E = Experience gained in this place as a percentage of experience gained in the entire game.
 F = Experience gained in this place divided by the number of levels of this place that you have seen.
                   A       B       C       D       E      F
               +-------+-------+-------+-------+-------+----------------------
         Total | 100.0 | 100.0 |   N/A | 100.0 | 100.0 | 10998.8
       Dungeon |  38.3 |  38.6 |   N/A |   0.0 |  16.3 | 4175.6
          Lair |  14.1 |  14.3 |   N/A |   0.0 |  11.8 | 7569.7
        Shoals |  13.0 |  12.9 |   N/A |  33.3 |  22.4 | 21595.8
     Snake Pit |  14.0 |  13.8 |   N/A |  33.3 |  25.6 | 24668.2
  Orcish Mines |   8.9 |   9.0 |   N/A |   0.0 |   4.5 | 8738.5
        Vaults |   9.0 |   8.8 |   N/A |  33.3 |  19.0 | 36627.0
       Ossuary |   2.6 |   2.6 |   N/A |   0.0 |   0.3 | 1118.0
               +-------+-------+-------+-------+-------+----------------------
